 Dungeon Crawl Stone Soup version 0.32-a0-834-geaf45d8e21 (webtiles) character file.

Game seed: 734475142890226310

11 ytrimaz the Ruffian (level 2, 0/18 HPs)
             Began as an Octopode Shapeshifter on Mar 25, 2024.
             Slain by a ball python (2 damage)
             ... on level 1 of the Dungeon.
             The game lasted 00:01:18 (272 turns).

ytrimaz the Ruffian (Octopode Shapeshifter)          Turns: 272, Time: 00:01:19

Health: 0/18       AC:  1    Str: 13    XL:     2   Next: 25%
Magic:  2/2        EV:  2    Int: 12    God:
Gold:   0          SH:  0    Dex: 11    Spells: 1/1 levels left

rFire   . .          .
                       - Unarmed
rCold   . . .        (no shield)
rNeg    . . .        (helmet currently unavailable)
rPois   .            (no amulet)
rElec   .            d - ring of willpower
rCorr   .            (no ring)
SInv    .            (no ring)
Will    +....        (no ring)
Stlth   ++           (no ring)
HPRegen 0.23/turn    (no ring)
MPRegen 0.08/turn    (no ring)
                     (no ring)

%: no passive effects
@: beast-form, constricted
A: beast (slay +1), almost no armour, amphibious, 8 rings, camouflage 1,
gelatinous body 1, (nimble swimmer 1), tentacles
a: Begin Untransformation


You were on level 1 of the Dungeon.
You were a hulking beast.
You visited 1 branch of the dungeon, and saw 1 of its levels.


Innate Abilities, Weirdness & Mutations

You are a hulking beast.
Your limbs bulge with bestial killing power. (Slay +1)
You cannot wear most types of armour.
You are amphibious.
You can wear up to eight rings at the same time.
Your skin changes colour to match your surroundings (Stealth+).
Your rubbery body absorbs attacks. (AC +1, EV +1)
((You are camouflaged when in or above water. (Stealth+)))
You have tentacles for arms and can constrict up to eight enemies at once.


   Skills:
 + Level 1.4 Fighting
 - Level 2.0 Dodging
 + Level 3.2 Unarmed Combat
 + Level 3.1 Shapeshifting


You had one spell level left.
You didn't know any spells.
Your spell library was empty.

Inventory:

Jewellery
 d - a ring of willpower (left tentacle)
   (You found it on level 1 of the Dungeon)
Talismans
 b - a beast talisman (active)
 c - a flux talisman
Scrolls
 e - 3 scrolls of noise {unknown}
Potions
 a - a potion of lignification

Dungeon Overview and Level Annotations

Branches:
Dungeon (1/15) Zot: 5728

Altars:

#...# #####...#
#.......# #
#.###..##
#.###.##...##
#..$..#.....##
.............##
.......g......##
.#.....†h........
#......S..!...###
.............##
..##..#.....## .
...###...## .#..
###.# #.. .# . ..


You could see a goblin and a ball python.


Message History

You barely miss the kobold. Your grab misses the kobold.
You squeeze the kobold, but do no damage.
The kobold hits you with a +0 whip.
* * * LOW HITPOINT WARNING * * *
😨 HP[-2]
You take 2 damage, and now have 5/13 hp.
Unknown command.
You tentacle-slap the kobold.
You kill the kobold! 😨 HP[+1]
Things that are here:
a +0 whip; 4 stones; a kobold corpse
e - 3 scrolls labelled IVUOWOIWKES 😎 HP[+7]
Your hp is fully restored (13).
A goblin comes into view. It is wielding a +0 dagger.
A goblin is nearby!
A goblin is nearby!
An endoplasm comes into view.
The endoplasm quivers.
The goblin hits you with a +0 dagger. 😕 HP[-2]
You take 2 damage, and now have 11/13 hp.
You barely miss the goblin. You grab the goblin. You constrict the goblin.
You kill the goblin!
No target in view!
Unknown command.
No target in view!
A dart slug comes into view.
You see here a +0 dagger.
The endoplasm freezes you.
You are frozen.
You tentacle-slap the endoplasm.
You kill the endoplasm!
The dart slug launches a dart at you. The slug dart misses you.
You tentacle-slap the dart slug but do no damage.
You grab the dart slug. You constrict the dart slug.
The dart slug launches a dart at you. The slug dart hits you.
You tentacle-slap the dart slug. You constrict the dart slug.
You kill the dart slug!
You have reached level 2! 😮 HP[+1] MP[+1]
You now have 18 max hp (+5).
Your mp is fully restored (2).
You are too injured to fight recklessly!
A goblin and a hobgoblin come into view.
The hobgoblin shouts! 😎 HP[+6]
Your hp is fully restored (18).
There are monsters nearby!
There are monsters nearby!
The goblin shouts!
The hobgoblin misses you.
A ball python comes into view.
A bat comes into view.
The hobgoblin misses you.
The bat moves out of view.
You closely miss the goblin.
The ball python hisses angrily.
Your grab misses the goblin. Your squeeze misses the goblin.
The goblin hits you with a +0 club.
The hobgoblin completely misses you. 😕 HP[-4]
You take 4 damage, and now have 14/18 hp.
MASSIVE DAMAGE!! (PAUSE)
You closely miss the goblin. Your grab misses the goblin.
Your squeeze misses the goblin. The goblin hits you with a +0 club.
The hobgoblin closely misses you. 😮 HP[-1]
You take 1 damage, and now have 13/18 hp.
You barely miss the hobgoblin. You grab the hobgoblin.
You tentacle-slap the hobgoblin.
You kill the hobgoblin!
The goblin barely misses you.
You are too injured to fight recklessly!
Unknown command.
The bat attacks as it pursues you! The bat closely misses you.
The ball python barely misses you. x2; The bat hits you but does no damage.
The goblin attacks as it pursues you! The goblin hits you with a +0 club.
You see here a hobgoblin corpse. 😮 HP[-3]
You take 3 damage, and now have 10/18 hp.
You are too injured to fight recklessly!
You are too injured to fight recklessly!
You tentacle-slap the bat but do no damage.
Your grab misses the bat. You squeeze the bat.
You kill the bat!
The ball python closely misses you. The ball python misses you.
The ball python bites you.
* * * LOW HITPOINT WARNING * * *
The ball python grabs you. The ball python constricts you.
* * * LOW HITPOINT WARNING * * *
The goblin hits you with a +0 club.
* * * LOW HITPOINT WARNING * * *
😱 HP[-8]
You take 8 damage, and now have 2/18 hp.
MASSIVE DAMAGE!! (PAUSE)
You barely miss the ball python. You grab the ball python.
You constrict the ball python. The ball python bites you.
You die...

Action                     || total
---------------------------++-------
  Melee: Unarmed           ||    13
         Constrict         ||     5
         Tentacles         ||     2
         Punch             ||     1
 Armour: Skin              ||    12
  Dodge: Dodged            ||    12

Levels and vault maps discovered:
D:1:      tarquinn_simple_flora_water_c, layout_loops_ring,
          hellmonk_ecumenical_altar_blasted, amcnicky_mini_rare_corridor_liquid

Notes
Turn   | Place    | Note
-------+----------+-------------------------------------------
     0 | D:1      | ytrimaz the Octopode Shapeshifter began the quest for the
                  | Orb.
     0 | D:1      | Reached XP level 1. HP: 13/13 MP: 1/1
     0 | D:1      | magus.rc [v1.9.6]
   237 | D:1      | Reached XP level 2. HP: 12/18 MP: 2/2
   271 | D:1      | HP: 2/18 [goblin/+0 club (4)]
   272 | D:1      | Slain by a ball python

Vanquished Creatures
  2 dart slugs (D:1)
  An endoplasm (D:1)
  A hobgoblin (D:1)
  A kobold (D:1)
  A bat (D:1)
  A goblin (D:1)
7 creatures vanquished.

Table legend:
 A = Non-vault XP
 B = Vault XP
 C = Vault XP percentage of total XP
 D = Non-vault monster count
 E = Vault monster count
 F = Vault count percentage of total count
                 A         B        C        D         E       F
            +---------+---------+-------+---------+---------+-------
      Total |      16 |       0 |   0.0 |       7 |       0 |   0.0
            +---------+---------+-------+---------+---------+-------
        D:1 |      16 |       0 |   0.0 |       7 |       0 |   0.0
            +---------+---------+-------+---------+---------+-------

Action                     || total
---------------------------++-------
  Melee: Unarmed           ||    13
         Constrict         ||     5
         Tentacles         ||     2
         Punch             ||     1
 Armour: Skin              ||    12
  Dodge: Dodged            ||    12

Illustrated notes

Table legend:
 A = Kills in this place as a percentage of kills in the entire game.
 B = Kills by you in this place as a percentage of kills by you in the entire game.
 C = Kills by friends in this place as a percentage of kills by friends in the entire game.
 D = Other kills in this place as a percentage of other kills in the entire game.
 E = Experience gained in this place as a percentage of experience gained in the entire game.
 F = Experience gained in this place divided by the number of levels of this place that you have seen.
                   A       B       C       D       E      F
               +-------+-------+-------+-------+-------+----------------------
         Total | 100.0 | 100.0 |   N/A |   N/A | 100.0 |  16.0
       Dungeon | 100.0 | 100.0 |   N/A |   N/A | 100.0 |  16.0
               +-------+-------+-------+-------+-------+----------------------

Table legend: (Time is in decaauts)
 A = Elapsed time spent in this place.
 B = Non-inter-level travel time spent in this place.
 C = Inter-level travel time spent in this place.
 D = Time resting spent in this place.
 E = Time spent auto-exploring this place.
 F = Levels seen in this place.
 G = Mean time per level.
                   A        B        C        D        E       F      G
               +--------+--------+--------+--------+--------+-----+--------+
         Total |    271 |    271 |      0 |      0 |    227 |   1 |  271.0 |
       Dungeon |    271 |    271 |      0 |      0 |    227 |   1 |  271.0 |
               +--------+--------+--------+--------+--------+-----+--------+

Top non-repeatable levels by time:
     D:1: 271 daAuts
